 Dungeon Crawl Stone Soup version 0.29.1 (webtiles) character file.

Game seed: 18091245842683521864

55 masschaos23 the Sneak (level 3, 0/24 HPs)
             Began as an Octopode Brigand on Sept 13, 2022.
             Slain by a gnoll
             ... wielding a +0 flail
              (5 damage)
             ... on level 2 of the Dungeon.
             The game lasted 00:02:53 (1790 turns).

masschaos23 the Sneak (Octopode Brigand)            Turns: 1790, Time: 00:02:54

Health: 0/24       AC:  1    Str: 10    XL:     3   Next: 93%
Magic:  3/3        EV: 13    Int: 13    God:
Gold:   99         SH:  0    Dex: 15    Spells: 2/2 levels left

rFire   . . .      SeeInvis .   d - +1 dagger (venom)
rCold   . . .      Faith    .   (no shield)
rNeg    . . .      Spirit   .   (helmet restricted)
rPois   .          Reflect  .   (no amulet)
rElec   .          Harm     .   (no ring)
rCorr   .          Rampage  .   (no ring)
Will    .....                   (no ring)
Stlth   ++++......              (no ring)
HPRegen 0.08/turn               (no ring)
MPRegen 0.08/turn               (no ring)
                                (no ring)
                                (no ring)

@: no status effects
A: almost no armour, amphibious, 8 rings, camouflage 1, gelatinous body 1,
(nimble swimmer 1), tentacles
a: no special abilities


You were on level 2 of the Dungeon.
You visited 1 branch of the dungeon, and saw 2 of its levels.

You collected 99 gold pieces.

Inventory:

Hand Weapons
 a - a +2 dagger
 d - a +1 dagger of venom (weapon)
Missiles
 b - 9 poisoned darts (quivered)
 c - 3 curare-tipped darts
Armour
 e - a +1 pair of gloves
Jewellery
 h - a ring of protection from fire
 j - an amulet of magic regeneration
Scrolls
 f - 2 scrolls of teleportation {unknown}
 i - a scroll of immolation {unknown}
Potions
 g - 2 potions of curing {unknown}
 k - a potion of haste {unknown}
 l - a potion of flight {unknown}


   Skills:
 + Level 2.2 Fighting
 + Level 2.4 Short Blades
 + Level 2.0 Throwing
 + Level 1.2 Dodging
 + Level 6.9 Stealth


You had 2 spell levels left.
You didn't know any spells.
Your spell library contained the following spells:

 Spells                   Type           Power      Damage    Failure   Level
 Apportation              Tloc           0%         N/A       30%         1
 Necrotise                Necr           0%         1d4       30%         1
 Summon Small Mammal      Summ           0%         N/A       30%         1


Dungeon Overview and Level Annotations

Branches:
Dungeon (2/15)

Altars:


Innate Abilities, Weirdness & Mutations

You cannot wear most types of armour.
You are amphibious.
You can wear up to eight rings at the same time.
Your skin changes colour to match your surroundings (Stealth+).
Your rubbery body absorbs attacks. (AC +1, EV +1)
((You are camouflaged when in or above water. (Stealth+)))
You have tentacles for arms and can constrict up to eight enemies at once.


Message History

Things that are here:
a +0 dagger; a kobold corpse
Things that are here:
a +0 dagger; a kobold corpse
There is a stone staircase leading down here.
Found a stone staircase leading up.
No target in view!
There is a stone staircase leading up here.
A ball python comes into view.
The helpless ball python fails to defend itself.
You impale the ball python!!
You kill the ball python!
A kobold comes into view. It is wielding a +0 short sword.
A rat comes into view. 2 gnolls come into view.
A gnoll comes into view. It is wielding a +0 spear.
The helpless kobold fails to defend itself.
You impale the kobold!!
You kill the kobold!
The gnoll shouts! x2; You hear a shout!
A gnoll comes into view. It is wielding a +0 flail.
A goblin comes into view. It is wielding a +0 club.
The gnoll hits you from afar with a +0 spear.
The gnoll throws a stone.
The stone hits you. The gnoll hits you with a +0 spear.
You hit the gnoll.
The gnoll is poisoned.
You grab the gnoll. You squeeze the gnoll!
The gnoll is almost dead.
You constrict the gnoll.
You kill the gnoll!
The gnoll throws a stone.
The stone hits you.
A bat comes into view.
The gnoll hits you from afar with a +0 spear.
* * * LOW HITPOINT WARNING * * *
The gnoll barely misses you.
The bat moves out of view.
You hit the gnoll.
The gnoll is poisoned.
You grab the gnoll.
The gnoll is moderately wounded.
You constrict the gnoll, but do no damage.
The gnoll misses you. The gnoll hits you with a +0 flail.
You die...

..r.......
g........#
.........#
.......).####
....g.......#
#...###r###.#
# #g# #.# #g#
#.# #@# #.#
#.# #.# #.#
#.#
##.###.### #
#...##.#.## #
#.......#.# #
#...##.#.## #
######.#.# #
#.#.# #


You could see 2 gnolls and a rat.

Vanquished Creatures
  An adder (D:2)
  A gnoll (D:2)
  A worm (D:2)
  A dart slug (D:1)
  3 endoplasms
  A giant cockroach (D:1)
  A goblin (D:1)
  5 hobgoblins
  3 jackals (D:1)
  3 kobolds
  3 ball pythons
  3 bats (D:1)
  3 frilled lizards (D:1)
  A rat (D:1)
30 creatures vanquished.

Notes
Turn   | Place    | Note
-------+----------+-------------------------------------------
     0 | D:1      | masschaos23 the Octopode Brigand began the quest for the
                  | Orb.
     0 | D:1      | Reached XP level 1. HP: 14/14 MP: 1/1
    62 | D:1      | Reached XP level 2. HP: 10/19 MP: 2/2
   226 | D:1      | Reached skill level 6 in Stealth
  1054 | D:1      | Reached XP level 3. HP: 22/24 MP: 3/3
  1790 | D:2      | Slain by a gnoll

Illustrated notes

Levels and vault maps discovered:
D:1:      moated_graveyard_arrival, layout_basic, minmay_domino_2
D:2:      layout_loops_ring, shapermc_ecumenical_altar_rom_forum, minmay_3d_cube

Skill      XL: |  1  2 |
---------------+-------+-----
Stealth        | 6 |  6.9
Fighting       | |  2.2
Short Blades   | |  2.4
Throwing       | |  2.0
Dodging        | |  1.2

Action                   || total
-------------------------++-------
Melee: Dagger            ||    53
       Constrict         ||    12
       Tentacles         ||    14
 Stab: Sleeping          ||     6
Armor: Skin              ||     4
Dodge: Dodged            ||    24
